 Dungeon Crawl Stone Soup version 0.18.1-50-g88ac8fd (webtiles) character file.

37 sleepydude the Skirmisher (level 3, 0/30 HPs)
             Began as a Formicid Abyssal Knight on Oct 16, 2016.
             Was a Follower of Lugonu.
             Slain by Crazy Yiuf
             ... wielding a +2 quarterstaff of chaos
              (8 damage)
             ... on level 2 of the Dungeon.
             The game lasted 00:02:43 (1402 turns).

sleepydude the Skirmisher (Formicid Abyssal Knight) Turns: 1402, Time: 00:02:43

Health: 0/30       AC:  6    Str: 17    XL:     3   Next: 60%
Magic:  5/5        EV:  9    Int: 11    God:    Lugonu [*.....]
Gold:   70         SH:  0    Dex: 10    Spells: 0 memorised, 2 levels left

rFire  . . .     SeeInvis +     a - +1 mace
rCold  . . .     Gourm    .     n - +0 scale mail (curse)
rNeg   . . .     Faith    .     (no shield)
rPois  .         Spirit   .     (helmet unavailable)
rElec  .         Dismiss  .     (no cloak)
rCorr  +         Reflect  .     (no gloves)
SustAt .         Harm     .     (no boots)
MR     .....                    (no amulet)
Stlth  ..........               (no ring)
                                j - ring of resist corrosion

@: not resistant to hostile enchantments, extremely unstealthy
A: permanent stasis, dig shafts and tunnels, four strong arms, antennae 3
a: Dig, Shaft Self, Depart the Abyss, Renounce Religion


You were on level 2 of the Dungeon.
You worshipped Lugonu.
Lugonu was aware of your devotion.
You were not hungry.

You visited 1 branch of the dungeon, and saw 2 of its levels.
You visited the Abyss 1 time.

You collected 70 gold pieces.

Inventory:

Hand Weapons
 a - a +1 mace (weapon)
Armour
 b - a +0 leather armour
 h - a +0 ring mail
 n - a cursed +0 scale mail (worn)
Jewellery
 j - a ring of resist corrosion (left hand)
Wands
 w - a wand of enslavement (7/24)
Scrolls
 e - a scroll of immolation {unknown}
 l - a scroll of noise {unknown}
 m - a scroll of identify {unknown}
 o - a scroll of magic mapping {unknown}
 q - a scroll of amnesia {unknown}
 u - a scroll of recharging {unknown}
 v - a scroll of random uselessness {unknown}
Potions
 d - 2 potions of flight {unknown}
 i - a potion of haste {unknown}
 k - 2 potions of berserk rage {unknown}
 p - a potion of heal wounds {unknown}
 r - 2 potions of curing {unknown}
 t - a potion of ambrosia {unknown}
Comestibles
 c - a bread ration
 f - 3 meat rations
 g - 2 fruits
 s - a royal jelly


   Skills:
 + Level 3.7 Fighting
 + Level 2.4 Maces & Flails
 + Level 2.3 Armour
 + Level 1.2 Dodging
 + Level 3.0 Invocations


You had 2 spell levels left.
You didn't know any spells.

Dungeon Overview and Level Annotations

Branches:
Dungeon (2/15)

Altars:
Zin

Annotations:
D:2 Crazy Yiuf


Innate Abilities, Weirdness & Mutations

You are under a permanent stasis effect.
You can dig through walls and to a lower floor.
Your four strong arms can wield two-handed weapons with a shield.
You have a pair of large antennae on your head (SInv).


Message History

Lugonu accepts your kill.
No target in view!
No target in view!
v - a scroll labeled LUOCSIWO SOSU
Found a mace.
Crazy Yiuf the Enlightened comes into view.
He is wielding a quarterstaff of chaos.
Crazy Yiuf shouts!
Okay, then.
Crazy Yiuf grits, "Gum foot leg!"
No target in view!
You hit Crazy Yiuf.
Crazy Yiuf is lightly wounded.
Crazy Yiuf hits you but does no damage.
You are electrocuted!
Crazy Yiuf whimpers, "Prologue infinity sanguine!"
Crazy Yiuf hits you with a quarterstaff of chaos!
* * * LOW HITPOINT WARNING * * *
You hit Crazy Yiuf.
Crazy Yiuf is lightly wounded.
Crazy Yiuf hits you with a quarterstaff of chaos!
You die...

####.#.# #.......
##.##.... #.......#
##.##....
#######.....(.. ###
###.#......##..#.
#...##..#.............
#...g@####............
#)..### ###..........
### ####.......
#......#. ###.##.#.
##.##.#. # #..##.##
#.#.###.# #.#.###.#


You could see Crazy Yiuf.

Vanquished Creatures
  An adder (D:2)
  A worm (D:2)
  A dart slug (D:1)
  A giant cockroach (D:1)
  4 goblins
  3 hobgoblins (D:1)
  5 bats
  3 giant newts
  2 kobolds
  3 rats
24 creatures vanquished.

Notes
Turn   | Place    | Note
--------------------------------------------------------------
     0 | Abyss:1  | sleepydude the Formicid Abyssal Knight began the quest for the Orb.
     0 | Abyss:1  | Reached XP level 1. HP: 18/18 MP: 2/2
     2 | D:1      | Escaped the Abyss
   227 | D:1      | Reached skill level 1 in Dodging
   347 | D:1      | Reached XP level 2. HP: 24/24 MP: 3/3
   433 | D:1      | Reached * piety under Lugonu
   885 | D:2      | Reached XP level 3. HP: 20/30 MP: 5/5
   995 | D:2      | Found a glowing silver altar of Zin.
  1398 | D:2      | Noticed Crazy Yiuf
  1402 | D:2      | Slain by Crazy Yiuf

Skill      XL: |  1  2  3 |
---------------+----------+-----
Dodging        | 1 |  1.2
Invocations    | 3 |  3.0
Fighting       | |  3.7
Maces & Flails | |  2.4
Armour         | |  2.3

Action                   || total
-------------------------++-------
Melee: Mace              ||    88
Invok: Depart the Abyss  ||     1
  Eat: Chunk             ||     2
Armor: Leather armour    ||     4
       Scale mail        ||    44
       Ring mail         ||     5
Dodge: Dodged            ||    46
